 Dungeon Sprint DCSS version 0.17-a0-1450-g7e755d1 (webtiles) character file.

21 pulse the Covered (level 2, 20/20 HPs)
             Began as a Gargoyle Fighter on June 30, 2015.
             Quit the game in the Dungeon (Sprint IX: "|||||||||||||||||||||||||||||").
             The game lasted 00:01:01 (321 turns).

pulse the Covered (Gargoyle Fighter)                 Turns: 321, Time: 00:01:01

Health: 20/20      AC: 10    Str: 19    XL:     2   Next: 83%
Magic:  2/2        EV:  7    Int:  8    God:
Gold:   0          SH:  9    Dex:  9    Spells: 0 memorised, 1 level left

rFire  . . .     SeeInvis .     a - +0 flail
rCold  . . .     Clarity  .     b - +0 scale mail
rNeg   + . .     SustAt   .     c - +0 shield
rPois  ∞         Gourm    .     (no helmet)
rElec  +         Spirit   .     (no cloak)
rCorr  .         Warding  .     (no gloves)
rMut   .         NoTele   +     (no boots)
MR     .....                    (no amulet)
Stlth  ..........               (no ring)
                                (no ring)

@: not resistant to hostile enchantments, extremely unstealthy
A: negative energy resistance 1, electricity resistance, unbreathing,
petrification resistance, rot immunity, AC +2
a: no special abilities


You were in the Dungeon.
You were not hungry.

You visited 1 branch

Inventory:

Hand weapons
 a - a +0 flail (weapon)
Armour
 b - a +0 scale mail (worn)
 c - a +0 shield (worn)
Scrolls
 k - a scroll of blinking
Potions
 d - a potion of might
 f - a potion of curing
 g - a potion of heal wounds
 h - a potion of haste
 i - 2 potions of magic
 j - a potion of berserk rage
Comestibles
 e - a bread ration


   Skills:
 + Level 4.6 Fighting
 + Level 2.3 Maces & Flails
 + Level 4.7 Armour
 + Level 1.0 Dodging
 + Level 4.1 Shields


You had one spell level left.
You didn't know any spells.

Dungeon Overview and Level Annotations

Branches:
Dungeon (1/1)

Altars:
Cheibriados
Dithmenos
Elyvilon
Fedhas
Gozag
Kikubaaqudgha
Makhleb
Nemelex Xobeh
Okawaru
Qazlal
Ru
Sif Muna
Trog
Vehumet
Xom
Yredelemnul
Zin
The Shining One
Beogh
Jiyva
Lugonu


Innate Abilities, Weirdness & Mutations

You are resistant to torment.
Your stone body is resilient (AC +2).
You are immune to poison.
You resist negative energy.
You are resistant to electric shocks.
You can survive without breathing.
You are immune to petrification.
You are immune to rotting.


Message History

There is a glowing golden altar of the Shining One here.
There is a glowing silver altar of Zin here.
There is a glowing golden altar of the Shining One here.
There is an ancient bone altar of Kikubaaqudgha here.
There is a basalt altar of Yredelemnul here.
There is a shimmering altar of Xom here.
There is a radiant altar of Vehumet here.
There is an iron altar of Okawaru here.
There is a burning altar of Makhleb here.
There is a deep blue altar of Sif Muna here.
There is a bloodstained altar of Trog here.
There is a sparkling altar of Nemelex Xobeh here.
There is a white marble altar of Elyvilon here.
There is a roughly hewn altar of Beogh here.
There is a viscous altar of Jiyva here.
There is a corrupted altar of Lugonu here.
There is a blossoming altar of Fedhas here.
There is a snail-covered altar of Cheibriados here.
There is a shadowy altar of Dithmenos here.
Are you sure you want to abandon this character and quit the game? (Confirm with "yes".) ▓▓▓▓▓▓▓▓▓▓▓▓▓▓▓▓▓▓▓▓▓ +___@________________ ▓▓▓▓▓▓▓▓▓▓▓▓▓▓▓▓▓▓▓▓▓

There were no monsters in sight!

Vanquished Creatures
  An adder (D)
  An orc (D)
  A bat (D)
  A bat zombie (D)
  2 hobgoblins (D)
  3 kobolds (D)
  A rat (D)
10 creatures vanquished.

Notes
Turn   | Place    | Note
--------------------------------------------------------------
     0 | D        | pulse the Gargoyle Fighter began the quest for the Orb.
     0 | D        | Reached XP level 1. HP: 14/14 MP: 1/1
    18 | D        | Reached skill level 4 in Fighting
   170 | D        | Reached XP level 2. HP: 18/20 MP: 2/2
   175 | D        | Reached skill level 1 in Dodging
   213 | D        | Found a glowing silver altar of Zin.
   213 | D        | Found a glowing golden altar of the Shining One.
   213 | D        | Found an ancient bone altar of Kikubaaqudgha.
   213 | D        | Found a basalt altar of Yredelemnul.
   213 | D        | Found a shimmering altar of Xom.
   213 | D        | Found a radiant altar of Vehumet.
   214 | D        | Found an iron altar of Okawaru.
   215 | D        | Found a burning altar of Makhleb.
   216 | D        | Found a deep blue altar of Sif Muna.
   219 | D        | Found a bloodstained altar of Trog.
   220 | D        | Found a sparkling altar of Nemelex Xobeh.
   221 | D        | Found a white marble altar of Elyvilon.
   222 | D        | Found a roughly hewn altar of Beogh.
   223 | D        | Found a viscous altar of Jiyva.
   224 | D        | Found a corrupted altar of Lugonu.
   225 | D        | Found a blossoming altar of Fedhas.
   226 | D        | Found a snail-covered altar of Cheibriados.
   227 | D        | Found a shadowy altar of Dithmenos.
   228 | D        | Found a stormy altar of Qazlal.
   229 | D        | Found an opulent altar of Gozag.
   230 | D        | Found a sacrificial altar of Ru.
   321 | D        | Quit the game

Vault maps used:
D:        linesprint

Action                   || total
-------------------------++-------
Melee: Flail             ||    36
